 Dungeon Crawl Stone Soup version 0.22.1-5-g62c59d919a (webtiles) character file.

114 Peloso the Covered (level 4, 0/40 HPs)
             Began as a Minotaur Fighter on Jan 13, 2019.
             Killed by nerve-wracking pain
             ... invoked by an orc priest
              (2 damage)
             ... on level 3 of the Dungeon.
             The game lasted 00:02:47 (1363 turns).

Peloso the Covered (Minotaur Fighter)               Turns: 1363, Time: 00:02:47

Health: 0/40       AC:  9    Str: 21    XL:     4   Next: 66%
Magic:  3/3        EV:  6    Int:  5    God:
Gold:   80         SH:  9    Dex: 10    Spells: 3/3 levels left

rFire    . . .     SeeInvis .   a - +0 long sword
rCold    . . .     Gourm    .   c - +0 shield
rNeg     . . .     Faith    .   m - +0 chain mail
rPois    .         Spirit   .   (helmet restricted)
rElec    .         Reflect  .   (no cloak)
rCorr    .         Harm     .   (no gloves)
MR       .....                  (no boots)
Stlth    ..........             e - amulet of inaccuracy (curse)
HPRegen  0.13/turn              (no ring)
MPRegen  0.08/turn              (no ring)

@: no status effects
A: retaliatory headbutt, horns 2
a: no special abilities


You were on level 3 of the Dungeon.
You were hungry.

You visited 1 branch of the dungeon, and saw 3 of its levels.

You collected 80 gold pieces.

Inventory:

Hand Weapons
 a - a +0 long sword (weapon)
Armour
 b - a +0 scale mail
 c - a +0 shield (worn)
 m - a +0 chain mail (worn)
Jewellery
 e - a cursed amulet of inaccuracy (around neck)
Scrolls
 k - a scroll of random uselessness
Potions
 d - 2 potions of might
 h - a potion of berserk rage
Comestibles
 f - 4 rations


   Skills:
 + Level 4.2 Fighting
 + Level 3.9 Long Blades
 + Level 4.4 Armour
 + Level 1.2 Dodging
 + Level 4.3 Shields


You had 3 spell levels left.
You didn't know any spells.
Your spell library was empty.

Dungeon Overview and Level Annotations

Branches:
Dungeon (3/15)

Altars:
Cheibriados
Trog


Innate Abilities, Weirdness & Mutations

You reflexively headbutt those who attack you in melee.
You have a pair of horns on your head.


Message History

You block the orc's attack. x2
Your chain mail prevents you from hitting the orc.
You headbutt the orc.
You kill the orc!
You completely miss the orc priest.
The orc priest hits you with a morningstar of holy wrath!
* * * LOW HITPOINT WARNING * * *
You hit the orc priest.
The orc priest is heavily wounded.
The orc priest hits you with a morningstar of holy wrath!
* * * LOW HITPOINT WARNING * * *
You hit the orc priest but do no damage.
The orc priest is heavily wounded.
You block the orc priest's attack.
You closely miss the orc priest.
The orc priest is heavily wounded.
The orc priest hits you but does no damage.
The orc priest invokes the aid of Beogh against you.
Pain shoots through your body!
You die...

#### ... ..#
##.######
#..#######..$.....
#....o@(....#
##.########(# #†#####
#)##.. #.##.#
#.#######.##.##
#.....[†......# #
#########.##..##.####
#.##.........


You could see an orc priest.

Vanquished Creatures
  Jessica (D:3)
  4 adders
  A worm (D:2)
  2 dart slugs (D:3)
  2 orcs (D:3)
  6 bats
  3 giant cockroaches
  4 goblins
  6 hobgoblins
  3 kobolds (D:1)
  A quokka (D:2)
  3 frilled lizards (D:2)
  A leopard gecko zombie (D:2)
  8 rats
45 creatures vanquished.

Notes
Turn   | Place    | Note
-------+----------+-------------------------------------------
     0 | D:1      | Peloso the Minotaur Fighter began the quest for the Orb.
     0 | D:1      | Reached XP level 1. HP: 19/19 MP: 0/0
   291 | D:1      | Reached XP level 2. HP: 27/27 MP: 1/1
   748 | D:2      | Found a bloodstained altar of Trog.
   812 | D:2      | Reached XP level 3. HP: 27/33 MP: 2/2
   892 | D:2      | Reached skill level 1 in Dodging
  1036 | D:2      | Found a snail-covered altar of Cheibriados.
  1299 | D:3      | Noticed Jessica
  1313 | D:3      | Killed Jessica
  1313 | D:3      | Reached XP level 4. HP: 33/40 MP: 3/3
  1361 | D:3      | HP: 2/40 [orc priest/morningstar of holy wrath (8)]
  1363 | D:3      | Killed from afar by an orc priest

Skill      XL: |  1  2  3 |
---------------+----------+-----
Fighting       | 4 |  4.2
Long Blades    | 3 |  3.9
Armour         | 4 |  4.4
Dodging        | 1 |  1.2
Shields        | 4 |  4.3

Action                   |  1- 3 |  4- 6 || total
-------------------------+-------+-------++-------
Melee: Long sword        |   111 |    35 ||   146
       Headbutt          |    14 |     4 ||    18
  Use: Scroll            |     5 |       ||     5
  Eat: Chunk             |     1 |       ||     1
Armor: Scale mail        |    71 |       ||    71
       Chain mail        |     2 |    10 ||    12
Dodge: Dodged            |    42 |     5 ||    47
Block: Shield            |    81 |    20 ||   101
       Rpst.: Long sword |    14 |     2 ||    16
